 Dungeon Crawl Stone Soup version 0.24.0-125-gc4c63601f3 (webtiles) character file.

Game seed: 8000477063017480218, levelgen mode: classic

3880 EnegeticOcto the Slicer (level 10, -1/45 HPs)
             Began as a Vine Stalker Artificer on Feb 28, 2020.
             Was a Follower of Hepliaklqana.
             Slain by a cyan ugly thing (5 damage)
             ... on level 10 of the Dungeon.
             The game lasted 00:21:36 (3178 turns).

EnegeticOcto the Slicer (Vine Stalker Artificer)    Turns: 3178, Time: 00:21:36

Health: -1/45      AC: 12    Str: 15    XL:     10   Next: 19%
Magic:  0/13       EV: 13    Int: 14    God:    Hepliaklqana [*.....]
Gold:   216        SH:  0    Dex: 15    Spells: 9/9 levels left

rFire    + . .     SeeInvis .   u - +3 dagger (venom)
rCold    . . .     Gourm    .   (no shield)
rNeg     + . .     Faith    .   y - +3 leather armour {rF+}
rPois    .         Spirit   +   q - +1 helmet
rElec    .         Reflect  .   o - +0 cloak
rCorr    .         Harm     .   (no gloves)
MR       +....                  l - +2 pair of boots {Fly}
Stlth    ++........             (no amulet)
HPRegen  0.55/turn              t - ring of positive energy
MPRegen  0.13/turn              (no ring)

@: lethally poisoned (-1 -> -2), flying
A: reduced essence, fangs 3, regeneration 1, magic shield, antimagic bite, no
potion heal 3, rot immunity
a: Recall Ancestor, Ancestor Identity, Renounce Religion, Stop Flying


You were on level 10 of the Dungeon.
You worshipped Hepliaklqana.
Hepliaklqana was aware of your devotion.
You were not hungry.

You visited 2 branches of the dungeon, and saw 11 of its levels.

You collected 314 gold pieces.
You spent 98 gold pieces at shops.

Inventory:

Hand Weapons
 g - a +0 rapier
 j - a +2 vampiric dagger
 u - a +3 dagger of venom (weapon)
 G - a +0 shortbow of freezing
Missiles
 h - 49 arrows
 x - a throwing net (quivered) {!f}
Armour
 l - a +2 pair of boots of flying (worn)
 o - a +0 cloak (worn)
 q - a +1 helmet (worn)
 y - a +3 leather armour of fire resistance (worn)
Jewellery
 b - an uncursed ring of fire
 t - a ring of positive energy (left hand)
Wands
 c - a wand of flame (8)
 d - a wand of enslavement (12)
 f - a wand of random effects (12)
 r - a wand of acid (11)
 z - a wand of polymorph (4)
 C - a wand of paralysis (3)
 F - a wand of clouds (6)
Scrolls
 k - 5 scrolls of remove curse {@r2}
 p - 2 scrolls of immolation
 w - a scroll of enchant weapon
 A - a scroll of enchant armour
 D - 2 scrolls of magic mapping {@r5 !r}
 E - a scroll of teleportation {@r3 !r}
Potions
 a - a potion of berserk rage
 i - 2 potions of curing {@q1 !q}
 m - a potion of magic
 n - 2 potions of mutation {unknown}
 s - 2 potions of might {@q3 !q}
 v - a potion of cancellation
 B - a potion of heal wounds {unknown}
Comestibles
 e - 8 rations
 H - a chunk of flesh


   Skills:
 - Level 5.2 Fighting
 + Level 11.4 Short Blades
 - Level 3.0 Dodging
 - Level 3.0 Stealth
 - Level 2.6 Evocations


You had 9 spell levels left.
You didn't know any spells.
Your spell library was empty.

Dungeon Overview and Level Annotations

Branches:
Dungeon (10/15)            Temple (1/1) D:6
   Lair: D:8-11         Orc: D:9-12

Altars:
Ashenzari
Cheibriados
Fedhas
Gozag
Hepliaklqana
Kikubaaqudgha
Nemelex Xobeh
Okawaru
Qazlal
Trog
Uskayaw
Vehumet
Xom
Zin
The Shining One

Shops:
D:9 ?   D:10 [


Innate Abilities, Weirdness & Mutations

You have razor-sharp teeth.
Your natural rate of healing is unusually fast.
When hurt, damage is shared between your health and your magic reserves.
Your bite disrupts and absorbs the magic of your enemies.
Potions cannot restore your health.
You are immune to rotting.
Your life essence is reduced to manifest your ancestor. (-10% HP)


Message History

You hit the orc priest.
You kill the orc priest!
You have reached level 10!
Kendra remembers more of her old skill.
Things that are here:
a +0 falchion; a +0 leather armour You swap places.
Things that are here:
a +0 dagger; a +0 robe Some of the chunks of flesh in your inventory have rotted away.
You are feeling very hungry.
Eat one of 2 chunks of flesh? (ye/n/q)
You eat one of the 2 chunks of flesh.
This raw flesh tastes terrible.
You swap places.
There is a stone staircase leading down here.
You fly downwards.
An ugly thing and Josephine come into view.
Josephine is wielding a +1 dagger of venom.
Josephine shouts!
The cyan ugly thing gurgles horribly!
Josephine screams, "I have something special for you."
Found a robe and a scroll of remove curse.
There is a stone staircase leading up here.
Evoke which item? (* to show all) (? for menu, Esc to quit)
Aiming: Paralyse
Press: ? - help, Shift-Dir - straight line, f - cyan ugly thing
Aim: a cyan ugly thing (chance to defeat MR: 36%)
Okay, then.
You swap places.
The cyan ugly thing kicks Kendra!
The cyan ugly thing shocks Kendra!
Kendra barely misses the cyan ugly thing.
Josephine barely misses you.
Evoke which item? (* to show all) (? for menu, Esc to quit)
Aiming: Cloud Cone
Press: ? - help, Dir - move target cursor, f - Josephine
Aim: Josephine, wielding a +1 dagger of venom and wearing a +0 robe You create a blast of noxious fumes!
The cyan ugly thing is engulfed in noxious fumes.
The cyan ugly thing appears confused.
The cyan ugly thing kicks Josephine!
The cyan ugly thing shocks Josephine!
Kendra hits the cyan ugly thing.
Josephine is engulfed in noxious fumes.
Josephine appears confused.
Josephine hits you with a +1 dagger of venom.
You are poisoned.
You hit Josephine. You bite Josephine.
Josephine's magic leaks into the air.
You drain her magic.
You feel invigorated.
Josephine is heavily wounded.
You feel sick.
The cyan ugly thing is engulfed in noxious fumes.
Kendra hits the cyan ugly thing.
Josephine is engulfed in noxious fumes.
Josephine hits you with a +1 dagger of venom.
You are more poisoned.
You catch the helpless Josephine completely off-guard!
You impale Josephine!!
Josephine looks as sick as possible!
You bite Josephine.
Josephine's magic leaks into the air.
You drain her magic.
Josephine is severely wounded.
You feel sick.
You hit Josephine.
Josephine looks as sick as possible!
Josephine is almost dead.
You feel sick.
Josephine is engulfed in noxious fumes.
Josephine appears confused.
You feel sick.
Kendra completely misses the cyan ugly thing.
Josephine is engulfed in noxious fumes.
Josephine appears confused.
Josephine chortles and stares into space.
Josephine hits you but does no damage.
You catch the helpless Josephine completely off-guard!
You impale Josephine!!
You kill Josephine!
Your Short Blades skill increases to level 11!
You feel sick.
You feel sick.
The cyan ugly thing seems less confused.
You feel sick.
Kendra barely misses the cyan ugly thing.
Evoke which item? (* to show all) (? for menu, Esc to quit)
Aiming: Paralyse
Press: ? - help, Shift-Dir - straight line, f - cyan ugly thing
Aim: a cyan ugly thing (lightly wounded, chance to defeat MR: 36%)
The cyan ugly thing easily resists.
You feel sick. The cyan ugly thing kicks you. The cyan ugly thing shocks you!
You feel sick.
Kendra hits the cyan ugly thing!
You feel sick.
Kendra hits the cyan ugly thing.
You feel sick.
The cyan ugly thing is engulfed in noxious fumes.
You hit the cyan ugly thing but do no damage.
The cyan ugly thing is poisoned.
The cyan ugly thing is moderately wounded.
You feel sick.
The cyan ugly thing is engulfed in noxious fumes.
The cyan ugly thing kicks you!
* * * LOW HITPOINT WARNING * * *
The cyan ugly thing shocks you!
* * * LOW HITPOINT WARNING * * *
Really read
I - a scroll of fear {!r}?
As you read the scroll of fear {!r}, it crumbles to dust.
You assume a fearsome visage.
Kendra is unaffected.
The cyan ugly thing easily resists.
You feel sick.
The cyan ugly thing is engulfed in noxious fumes.
The cyan ugly thing appears confused.
The cyan ugly thing kicks you.
You die...

#######
#...@.#
#...u☼#
#..☼R°#
#..<§☼#
#.....#
#.....#
#...[.#
#.....#
#.....#


You could see the friendly Kendra the ancestor and a cyan ugly thing (confused).

Vanquished Creatures
  Josephine (D:10)
  Grinder (D:4)
  A hornet (D:8)
  A hippogriff (D:7)
  A wraith (D:9)
  A hungry ghost (D:8)
  Eustachio (D:4)
  A water moccasin (D:6)
  2 sky beasts
  3 orc warriors
  2 ogres
  A phantom (D:5)
  An eye of draining (D:8)
  A centaur (D:8)
  A water moccasin zombie (D:5)
  4 scorpions
  3 wights (D:9)
  A crimson imp (D:5)
  A quasit (D:9)
  A centaur zombie (D:7)
  A hound (D:5)
  A jelly (D:4)
  2 orc priests
  A bullfrog skeleton (D:4)
  4 orc wizards
  A gnoll shaman (D:4)
  An iguana (D:6)
  Crazy Yiuf (D:2)
  A hound zombie (D:5)
  A worker ant zombie (D:9)
  Robin (D:3)
  5 gnolls (D:4)
  10 adders
  4 shadow imps
  An ooze (D:5)
  A leopard gecko (D:3)
  25 orcs
  2 bats
  3 giant cockroaches
  10 goblins
  4 hobgoblins
  9 jackals
  2 quokkas
  A ball python (D:1)
  4 frilled lizards
  7 kobolds
  A rat (D:2)
133 creatures vanquished.

Vanquished Creatures (collateral kills)
  A water moccasin skeleton (D:8)
  2 hounds (D:8)
  An orc wizard (D:3)
  An adder skeleton (D:6)
  An orc (D:8)
6 creatures vanquished.

Vanquished Creatures (others)
  An ancestor (D:9)
1 creature vanquished.

Grand Total: 140 creatures vanquished

Notes
Turn   | Place    | Note
-------+----------+-------------------------------------------
     0 | D:1      | EnegeticOcto the Vine Stalker Artificer began the quest for
                  | the Orb.
     0 | D:1      | Reached XP level 1. HP: 9/9 MP: 3/3
   146 | D:1      | Reached XP level 2. HP: 10/14 MP: 5/5
   199 | D:1      | Reached skill level 1 in Fighting
   397 | D:1      | You are sucked into a shaft and drop 1 floor!
   429 | D:2      | Found an opulent altar of Gozag.
   493 | D:2      | Found a snail-covered altar of Cheibriados.
   496 | D:2      | Reached XP level 3. HP: 18/18 MP: 6/6
   563 | D:2      | Found a runed translucent door.
   564 | D:2      | Noticed Crazy Yiuf
   573 | D:2      | Killed Crazy Yiuf
   573 | D:2      | Gained mutation: Your natural rate of healing is unusually
                  | fast. [Vine Stalker growth]
   573 | D:2      | Reached XP level 4. HP: 8/23 MP: 2/7
   645 | D:3      | Noticed Robin
   687 | D:3      | Killed Robin
   817 | D:3      | Found a bloodstained altar of Trog.
   978 | D:3      | Found a sparkling altar of Nemelex Xobeh.
   996 | D:3      | Reached XP level 5. HP: 18/28 MP: 6/8
  1160 | D:5      | Entered Level 5 of the Dungeon
  1182 | D:5      | Reached XP level 6. HP: 21/33 MP: 9/9
  1305 | D:5      | Noticed a phantom
  1391 | D:5      | Noticed a sky beast
  1404 | D:5      | Killed a sky beast
  1404 | D:5      | Reached skill level 5 in Fighting
  1404 | D:5      | Reached skill level 1 in Short Blades
  1404 | D:5      | Reached XP level 7. HP: 29/39 MP: 10/10
  1440 | D:5      | Reached skill level 2 in Short Blades
  1442 | D:4      | Noticed Grinder
  1531 | D:4      | Reached skill level 3 in Short Blades
  1561 | D:4      | Noticed Eustachio
  1640 | D:4      | Killed Eustachio
  1640 | D:4      | Reached skill level 4 in Short Blades
  1805 | D:4      | Reached skill level 5 in Short Blades
  1805 | D:4      | Gained mutation: You have razor-sharp teeth. [Vine Stalker
                  | growth]
  1805 | D:4      | Reached XP level 8. HP: 33/43 MP: 8/11
  1918 | D:4      | Killed Grinder
  1918 | D:4      | Reached skill level 6 in Short Blades
  2014 | D:4      | You are sucked into a shaft and drop 1 floor!
  2063 | D:6      | Found a shimmering altar of Xom.
  2155 | D:6      | Found a staircase to the Ecumenical Temple.
  2161 | Temple   | Entered the Ecumenical Temple
  2206 | Temple   | Became a worshipper of Hepliaklqana the Forgotten
  2418 | D:7      | Reached skill level 7 in Short Blades
  2648 | D:7      | Found a stormy altar of Qazlal.
  2730 | D:8      | Noticed a hornet
  2733 | D:8      | Killed a hornet
  2733 | D:8      | Reached skill level 8 in Short Blades
  2733 | D:8      | Reached XP level 9. HP: 42/42 MP: 12/12
  2802 | D:8      | Found a stormy altar of Qazlal.
  2819 | D:8      | Reached skill level 9 in Short Blades
  2898 | D:9      | Reached * piety under Hepliaklqana
  2938 | D:10     | Entered Level 10 of the Dungeon
  2938 | D:10     | Found Etzailie's Antique Armour Emporium.
  2984 | D:9      | Reached skill level 10 in Short Blades
  3008 | D:9      | Found Katrecw's Magic Scroll Emporium.
  3011 | D:9      | Bought a scroll of magic mapping for 49 gold pieces
  3011 | D:9      | Bought a scroll of fear for 49 gold pieces
  3136 | D:9      | Reached XP level 10. HP: 33/45 MP: 13/13
  3163 | D:10     | Noticed Josephine
  3163 | D:10     | Noticed a cyan ugly thing
  3170 | D:10     | Killed Josephine
  3170 | D:10     | Reached skill level 11 in Short Blades
  3178 | D:10     | Slain by a cyan ugly thing

Levels and vault maps discovered:
D:1:      tarquinn_simple_flora_water_a, layout_basic, st_stairs_4
D:2:      layout_basic, old_standard_altar, grunt_gozag_breadcrumbs,
          uniq_crazy_yiuf_cottage
D:3:      layout_basic, nicolae_overflow_hidden_temple, nemelex_altar_shiori,
          uniq_robin
D:4:      layout_loops_cross, uniq_eustachio, uniq_grinder
D:5:      layout_rooms, first_ration, serial_shops, nicolae_shop_stone,
          st_stairs_8, grunt_ministairs_6
D:6:      layout_loops_ring, nicolae_overflow_crystal_walls,
          minmay_temple_entry_arrows
D:7:      layout_basic, basic_altar, lemuel_another_geyser, uniq_menkaure,
          uniq_prince_ribbit1
D:8:      layout_basic, nicolae_ru_path_of_blood,
          chequers_temple_overflow_statue_of_worship, basic_altar
D:9:      layout_basic, chequers_temple_overflow_minitemple, lair_entry_dummy,
          serial_shops, nicolae_shop_behind_doors
D:10:     layout_cross, basic_altar, serial_shops, shop,
          nicolae_trove_entry_free_sample, uniq_josephine
Temple:   eino_wide_crystal_templ

Skill      XL: |  1  2  3  4  5  6  7  8  9 10 |
---------------+-------------------------------+-----
Stealth        | 2 3 |  3.0
Fighting       | 2 3 4 5 |  5.2
Dodging        | 2 3 |  3.0
Short Blades   | 1 5 8 10 11 | 11.4
Evocations     | |  2.6

Action                   |  1- 3 |  4- 6 |  7- 9 | 10-12 || total
-------------------------+-------+-------+-------+-------++-------
Melee: Short sword       |    65 |   100 |       |       ||   165
       Bite              |    13 |    50 |    99 |     2 ||   164
       Dagger            |       |    72 |   335 |     5 ||   412
       Rapier            |       |    33 |       |       ||    33
Throw: Throwing net      |       |       |     1 |       ||     1
Evoke: Wand              |     4 |     3 |    15 |     2 ||    24
  Use: Scroll            |       |       |    13 |     1 ||    14
 Stab: Sleeping          |     3 |     1 |     5 |       ||     9
       Distracted        |       |     1 |       |       ||     1
       Paralysed         |       |       |     5 |       ||     5
       Confused          |       |       |       |     2 ||     2
  Eat: Chunk             |       |     2 |     6 |     1 ||     9
       Ration            |       |       |     1 |       ||     1
Armor: Leather armour    |    17 |    76 |    71 |     1 ||   165
Dodge: Dodged            |    45 |   142 |   148 |     1 ||   336
